 Dungeon Crawl Stone Soup version 0.30-a0-782-ge64f9170bb (webtiles) character file.

Game seed: 8224713753292735552

26 theswoord the Chopper (level 2, -2/24 HPs)
             Began as a Demonspawn Monk on Feb 23, 2023.
             Slain by a worm (8 damage)
             ... on level 2 of the Dungeon.
             The game lasted 00:00:56 (1100 turns).

theswoord the Chopper (Demonspawn Monk)             Turns: 1100, Time: 00:00:56

Health: -2/24      AC:  5    Str: 11    XL:     2   Next: 89%
Magic:  2/2        EV: 12    Int: 11    God:
Gold:   25         SH:  0    Dex: 15    Spells: 1/1 levels left

rFire   . . .      SeeInvis .    a - +0 hand axe
rCold   . . .      Faith    .    (no shield)
rNeg    . . .      Spirit   .    b - +1 robe
rPois   .          Reflect  .    (no helmet)
rElec   .          Harm     .    (no cloak)
rCorr   .          Rampage  .    (no gloves)
Will    .....                    (no boots)
Stlth   ++                       (no amulet)
HPRegen 0.24/turn                (no ring)
MPRegen 0.08/turn                (no ring)

@: no status effects
A: molten scales 1
a: no special abilities


You were on level 2 of the Dungeon.
You visited 1 branch of the dungeon, and saw 2 of its levels.

You collected 25 gold pieces.

Inventory:

Hand Weapons
 a - a +0 hand axe (weapon)
 g - a +0 whip
Armour
 b - a +1 robe (worn)
Potions
 c - a potion of ambrosia
 e - a potion of lignification
 f - a potion of cancellation


   Skills:
 - Level 3.0 Fighting
 + Level 3.8 Axes
 - Level 2.6 Dodging
 - Level 1.7 Stealth


You had one spell level left.
You didn't know any spells.
Your spell library was empty.

Dungeon Overview and Level Annotations

Branches:
Dungeon (2/15)

Altars:


Innate Abilities, Weirdness & Mutations

You are partially covered in molten scales. (AC +2)


Message History

The quokka bites you.
You closely miss the quokka.
The quokka bites you but does no damage.
You closely miss the quokka.
The quokka bites you but does no damage. x2
You barely miss the quokka.
The quokka bites you but does no damage.
You hit the quokka. The quokka closely misses you.
You closely miss the quokka. The quokka bites you. x2
You hit the quokka.
You kill the quokka!
No target in view!
No target in view!
No target in view!
No target in view!
No target in view!
An endoplasm comes into view.
An endoplasm is nearby!
An endoplasm is nearby!
You catch the helpless endoplasm completely off-guard!
You hit the endoplasm. The endoplasm misses you.
A worm comes into view.
You slash the endoplasm!
You kill the endoplasm!
You hit the worm. The worm bites you.
You hit the worm. The worm barely misses you.
You barely miss the worm. You hit the worm but do no damage.
The worm closely misses you.
You barely miss the worm. The worm bites you but does no damage.
You hit the worm. You hit the worm. The worm barely misses you.
You hit the worm. The worm bites you!
You hit the worm. You hit the worm. The worm bites you.
* * * LOW HITPOINT WARNING * * *
You hit the worm but do no damage. The worm bites you.
* * * LOW HITPOINT WARNING * * *
You hit the worm but do no damage. You barely miss the worm.
The worm bites you!
You die...

### #.. ######.##
........# ......# #.#
#w..# #.# #.@.######
#.# #........###.#
#...#.....##.######
#...#..>...........
.....#.....##.######
#P####.##............#
. #..........####.#
#..#.#.##### #.#
#.#.#?.# #.#


You could see a worm.

Vanquished Creatures
  A dart slug (D:1)
  2 endoplasms
  A giant cockroach (D:1)
  3 goblins (D:1)
  2 hobgoblins (D:1)
  3 jackals (D:1)
  3 quokkas
  A ball python (D:1)
  A bat (D:1)
  A frilled lizard (D:1)
  A kobold (D:1)
  2 rats (D:1)
21 creatures vanquished.

Notes
Turn   | Place    | Note
-------+----------+-------------------------------------------
     0 | D:1      | theswoord the Demonspawn Monk began the quest for the Orb.
     0 | D:1      | Reached XP level 1. HP: 18/18 MP: 1/1
   183 | D:1      | Gained mutation: You are partially covered in molten
                  | scales. (AC +2) [demonic ancestry]
   183 | D:1      | Reached XP level 2. HP: 8/24 MP: 2/2
  1100 | D:2      | Slain by a worm

Skill      XL: |  1 |
---------------+----+-----
Axes           | 3 |  3.8
Fighting       | |  3.0
Dodging        | |  2.6
Stealth        | |  1.7

Action                     || total
---------------------------++-------
  Melee: Hand axe          ||    86
         Punch             ||     4
    Use: Scroll            ||     5
   Stab: Distracted        ||     1
         Sleeping          ||     1
 Armour: Robe              ||    22
  Dodge: Dodged            ||    62

Levels and vault maps discovered:
D:1:      amcnicky_arrival_single_pillar, layout_basic
D:2:      cheibrodos_old_hovel, layout_loops_ring, uniq_jessica, uniq_robin,
          uniq_sigmund, uniq_terence
